 Dungeon Crawl Stone Soup version 0.20.1-1-g8b1a95d (webtiles) character file.

1255 Folque the Conjurer (level 8, -1/50 HPs)
             Began as an Octopode Wizard on Nov 8, 2017.
             Was a Follower of Sif Muna.
             Killed from afar by an orc wizard (9 damage)
             ... with a magic dart
             ... on level 6 of the Dungeon.
             The game lasted 00:26:28 (5312 turns).

Folque the Conjurer (Octopode Wizard)               Turns: 5312, Time: 00:26:29

Health: -1/50      AC:  1    Str:  6    XL:     8   Next: 51%
Magic:  7/34       EV: 13    Int: 27    God:    Sif Muna [*.....]
Gold:   285        SH:  0    Dex: 10    Spells: 10/18 levels left

rFire    . . .     SeeInvis .   B - +7 dagger "Gosmat" {pierce, rN++ Int+4}
rCold    . . .     Gourm    .   (no shield)
rNeg     + + .     Faith    .   a - +0 hat
rPois    .         Spirit   .   (no amulet)
rElec    .         Reflect  .   n - ring of magical power
rCorr    .         Harm     .   q - ring of magical power
MR       .....                  (no ring)
Stlth    +++.......             (no ring)
Regen    0.2/turn               (no ring)
MPRegen  0.3/turn               (no ring)
                                (no ring)
                                (no ring)

@: very slightly contaminated
A: almost no armour, stealthy swim, amphibious, 8 rings, constrict 8, camouflage
1, gelatinous body 1
a: Divine Energy, Renounce Religion


You were on level 6 of the Dungeon.
You worshipped Sif Muna.
Sif Muna was aware of your devotion.
You were not hungry.

You visited 2 branches of the dungeon, and saw 8 of its levels.

You collected 285 gold pieces.

Inventory:

Hand Weapons
 d - a +0 dagger
 e - a +2 vampiric dagger
 k - a +0 scythe
 t - a +2 quarterstaff of chaos
 B - the +7 dagger "Gosmat" (weapon) {pierce, rN++ Int+4}
   (You found it on level 5 of the Dungeon)

   It inflicts extra damage upon your enemies.
   It affects your intelligence (+4).
   It greatly protects you from negative energy.
Armour
 a - a +0 hat (worn)
Jewellery
 n - a ring of magical power (left tentacle)
 q - a ring of magical power (right tentacle)
 D - an uncursed amulet of rage {unknown}
Scrolls
 c - 2 scrolls of remove curse
 f - a scroll of enchant armour {unknown}
 g - 3 scrolls of identify
 p - a scroll of enchant weapon {unknown}
 u - a scroll of noise {unknown}
 w - a scroll of magic mapping {unknown}
 y - a scroll of random uselessness {unknown}
 F - a scroll of recharging {unknown}
Potions
 h - 2 potions of might
 i - 2 potions of agility {unknown}
 l - a potion of berserk rage
 o - a potion of brilliance {unknown}
 s - a potion of lignification {unknown}
 v - a potion of resistance
 z - 2 potions of flight {unknown}
Books
 b - a book of Minor Magic

   Spells                             Type                      Level
   a - Magic Dart                     Conjuration                  1
   b - Blink                          Translocation                2
   c - Call Imp                       Summoning                    2
   d - Slow                           Hexes                        2
   e - Conjure Flame                  Conjuration/Fire             3
   f - Mephitic Cloud                 Conjuration/Poison/Air       3
Comestibles
 j - 2 bread rations
 x - 2 meat rations
 A - 2 royal jellies
 C - 4 fruits
 E - a chunk of flesh


   Skills:
 - Level 2.0 Fighting
 - Level 2.0 Dodging
 - Level 2.6 Stealth
 + Level 5.7 Spellcasting
 * Level 7.3 Conjurations
 - Level 1.0 Summonings
 - Level 1.0 Translocations
 - Level 4.0 Poison Magic


You had 10 spell levels left.
You knew the following spells:

 Your Spells              Type           Power        Failure   Level  Hunger
a - Magic Dart            Conj           ####         1%          1    None
b - Call Imp              Summ           ##......     7%          2    None
c - Blink                 Tloc           N/A          7%          2    None
d - Mephitic Cloud        Conj/Pois/Air  ####....     4%          3    None


Dungeon Overview and Level Annotations

Branches:
Dungeon (7/15)             Temple (1/1) D:4

Altars:
Ashenzari
Cheibriados
Dithmenos
Elyvilon
Fedhas
Gozag
Hepliaklqana
Kikubaaqudgha
Makhleb
Qazlal
Ru
Sif Muna
Uskayaw
Vehumet
Xom
Yredelemnul
Zin
The Shining One

Shops:
D:6 %

Annotations:
D:7 Duvessa


Innate Abilities, Weirdness & Mutations

You cannot wear most types of armour.
You are very stealthy in the water. (Stealth+)
You are amphibious.
You can wear up to eight rings at the same time.
You can use your tentacles to constrict eight enemies at once.
Your skin changes colour to match your surroundings (Stealth+).
Your rubbery body absorbs attacks. (AC +1, EV +1)


Message History

The howler monkey howls!
An orc wizard comes into view. It is wielding a dagger.
The orc wizard casts a spell.
The orc wizard blinks!
Found a scroll of identify.
Casting: Blink
Confirm with . or Enter, or press ? or * to list all spells.
You blink.
You found an alarm trap!
The orc wizard gestures wildly while chanting.
The orc wizard blinks!
The orc wizard casts a spell.
The orc wizard seems to speed up.
Casting: Blink
Confirm with . or Enter, or press ? or * to list all spells.
You miscast Blink.
The floor and the ceiling briefly switch places.
The howler monkey closely misses you.
The orc wizard gestures at you while chanting.
The magic dart hits you!
You die...

#. ###.......... ###...
...........# #
#.....##......o...##.##.
#.........#.#..o...[....
....§........h..o.......
.o...........O..§.......
.........oJ..J#5##....#.
.......h..h.##.... #....
#......@?..#.#.. . ...
.##....o^##.#... .
#.#....#.##....
#.####.#.#...... #. #
#......# .. ... ..# .
... ..


You could see an ogre, a howler monkey, 2 hounds, 2 jellies, 2 orc wizards and 2
orcs.

Vanquished Creatures
  Sigmund (D:2)
  A water moccasin (D:5)
  A sky beast (D:5)
  A centaur (D:6)
  2 bullfrogs
  A scorpion (D:3)
  An electric eel (D:6)
  2 crimson imps (D:5)
  3 orc priests
  Crazy Yiuf (D:3)
  A hound (D:6)
  An iguana (D:5)
  Natasha (twice) (D:2)
  2 worker ants (D:5)
  5 adders (D:2)
  2 river rats (D:6)
  A shadow imp (D:5)
  2 dart slugs
  3 leopard geckos
  14 orcs
  2 ball pythons (D:2)
  5 bat skeletons (D:2)
  2 bat zombies (D:2)
  A giant cockroach (D:2)
  9 goblins
  4 hobgoblins
  4 jackals (D:2)
  5 quokkas
  6 bats
  3 frilled lizards
  11 kobolds
  A quokka skeleton (D:4)
  14 rats
114 creatures vanquished.

Vanquished Creatures (collateral kills)
  An ogre (D:4)
  A howler monkey (D:5)
  An orc priest (D:4)
  An iguana (D:4)
  3 adders
  2 worms
  A leopard gecko (D:1)
  2 orcs (D:4)
  2 goblins
  2 hobgoblins
  A leopard gecko skeleton (D:4)
17 creatures vanquished.

Grand Total: 131 creatures vanquished

Notes
Turn   | Place    | Note
-------+----------+-------------------------------------------
     0 | D:1      | Folque the Octopode Wizard began the quest for the Orb.
     0 | D:1      | Reached XP level 1. HP: 11/11 MP: 4/4
    41 | D:1      | Reached skill level 1 in Fighting
   192 | D:1      | Reached XP level 2. HP: 18/18 MP: 6/6
   261 | D:1      | Learned a level 2 spell: Call Imp
   264 | D:1      | Learned a level 2 spell: Blink
   837 | D:1      | Reached XP level 3. HP: 24/24 MP: 7/7
   843 | D:1      | Learned a level 3 spell: Mephitic Cloud
  1145 | D:2      | Found a burning altar of Makhleb.
  1161 | D:2      | Found a shattered altar of Ashenzari.
  1162 | D:2      | Noticed Sigmund
  1174 | D:2      | Reached skill level 1 in Poison Magic
  1314 | D:2      | Killed Sigmund
  1314 | D:2      | Reached skill level 2 in Conjurations
  1314 | D:2      | Reached XP level 4. HP: 19/29 MP: 2/9
  1314 | D:2      | Reached XP level 5. HP: 23/34 MP: 2/10
  1335 | D:2      | Found a radiant altar of Vehumet.
  1539 | D:2      | Found an ancient bone altar of Kikubaaqudgha.
  1548 | D:2      | Reached XP level 6. HP: 17/39 MP: 12/12
  1972 | D:2      | Noticed Natasha
  1981 | D:2      | Killed Natasha
  1981 | D:2      | Reached skill level 3 in Conjurations
  2088 | D:2      | Noticed Natasha
  2100 | D:2      | Noticed a dagger
  2103 | D:2      | Noticed a hand axe
  2106 | D:2      | Killed Natasha
  2151 | D:2      | Found a hide-covered altar of Uskayaw.
  2565 | D:3      | HP: 1/39 [poisoned by an adder]
  2861 | D:3      | Found a runed door.
  2865 | D:3      | Noticed Crazy Yiuf
  2882 | D:3      | Killed Crazy Yiuf
  2882 | D:3      | Reached skill level 4 in Conjurations
  3350 | D:3      | Reached XP level 7. HP: 28/45 MP: 13/13
  3638 | D:4      | Found a staircase to the Ecumenical Temple.
  3663 | Temple   | Entered the Ecumenical Temple
  3674 | Temple   | Became a worshipper of Sif Muna the Loreminder
  3776 | D:4      | Reached skill level 5 in Conjurations
  4368 | D:4      | Found a shadowy altar of Dithmenos.
  4476 | D:5      | Entered Level 5 of the Dungeon
  4580 | D:5      | Reached skill level 5 in Spellcasting
  4608 | D:5      | Got a twisted dagger
  4630 | D:4      | Identified the +7 dagger "Gosmat" {pierce, rN++ Int+4} (You found it on level 5 of the Dungeon)
  4778 | D:5      | Reached skill level 6 in Conjurations
  4778 | D:5      | Reached XP level 8. HP: 50/50 MP: 15/15
  4863 | D:5      | Reached * piety under Sif Muna
  5191 | D:6      | Found Boudo's Food Shoppe.
  5230 | D:6      | Reached skill level 7 in Conjurations
  5282 | D:6      | Found a burning altar of Makhleb.
  5307 | D:7      | Noticed Duvessa
  5312 | D:6      | Killed from afar by an orc wizard

Skill      XL: |  1  2  3  4  5  6  7  8 |
---------------+-------------------------+-----
Fighting       | 1 2 |  2.0
Poison Magic   | 3 4 |  4.0
Conjurations   | 2 4 6 7 |  7.3
Spellcasting   | 4 5 |  5.7
Dodging        | |  2.0
Stealth        | |  2.6
Summonings     | |  1.0
Translocations | |  1.0

Action                   |  1- 3 |  4- 6 |  7- 9 || total
-------------------------+-------+-------+-------++-------
Melee: Dagger            |    60 |       |    58 ||   118
       Constrict         |    12 |    30 |    24 ||    66
       Unarmed           |     2 |       |       ||     2
       Tentacles         |     9 |     5 |    12 ||    26
       Scythe            |       |   108 |       ||   108
       Quarterstaff      |       |    14 |    45 ||    59
 Cast: Magic Dart        |     9 |       |     4 ||    13
       Call Imp          |     4 |    13 |    12 ||    29
       Mephitic Cloud    |     3 |     7 |    20 ||    30
       Blink             |       |     3 |     8 ||    11
  Use: Scroll            |     1 |     2 |     2 ||     5
       Potion            |       |     5 |     1 ||     6
 Stab: Sleeping          |     6 |    10 |     3 ||    19
       Distracted        |       |     1 |       ||     1
       Confused          |       |     5 |     1 ||     6
  Eat: Bread ration      |     1 |       |       ||     1
       Chunk             |     1 |     8 |     7 ||    16
Armor: Skin              |     6 |    20 |     2 ||    28
Dodge: Dodged            |    41 |   125 |    63 ||   229
